AoeStats
← 风中雨点

MegaRandom

503537912Analyzed
1v1 RM · 1mo ago on Sep 1, 2026· 33m 15s· 2 players
Game mode
Random Map
Map size
Tiny (2 player)
Population
200
Speed
Normal
Resources
Standard
Victory
Conquest
Starting age
Dark Age
Ending age
Imperial Age
RankedLock teamsTeams togetherTeam positionsShared explorationLock speedFull tech treeHidden civsTurbo modeCheats
Victory
Defeat
🇺🇸 Mongols · United States
1520
+11
🇨🇳 Franks · China
1414
-11
ashleylynn
9:10 Loom
11:46 Feudal Age
15:51 Castle Age
15:59 Double-Bit Axe
17:17 Town Watch
23:41 Horse Collar
27:35 Forging
28:10 Bloodlines
32:10 Husbandry
风中雨点
14:18 Feudal Age
18:44 Castle Age
20:40 Double-Bit Axe
21:30 Forging
21:29 Scale Barding Armor
24:52 Gold Mining
25:41 Husbandry
28:46 Chain Barding Armor
30:03 Loom
30:27 Light Cavalry
32:08 Wheelbarrow
32:54 Forging
Connection lost

Rejoining the realm…

Still unreachable

The connection could not be restored.

Session expired

The server has moved on; the page needs a fresh start.